 Dungeon Crawl Stone Soup version 0.31.0-32-g396128a36d (webtiles) character file.

Game seed: 7780234451532742588

60 PsychoBan the Ruffian (level 3, -4/36 HPs)
             Began as a Troll Berserker on Apr 6, 2024.
             Was a Follower of Trog.
             Killed from afar by a steam dragon (16 damage)
             ... with a ball of steam
             ... on level 5 of the Dungeon.
             The game lasted 00:03:09 (273 turns).

PsychoBan the Ruffian (Troll Berserker)              Turns: 273, Time: 00:03:10

Health: -4/36      AC:  4    Str: 27    XL:     3   Next: 80%
Magic:  2/2        EV: 10    Int:  3    God:    Trog [*.....]
Gold:   13         SH:  0    Dex:  9    Spells: 2/2 levels left

rFire   . .          .
                       - Unarmed
rCold   . . .        (no shield)
rNeg    . . .        a - +0 animal skin
rPois   .            (helmet restricted)
rElec   .            (no cloak)
rCorr   .            (gloves unavailable)
SInv    .            (boots unavailable)
Will    .....        (no amulet)
Stlth   +            (no ring)
HPRegen 1.06/turn    (no ring)
MPRegen 0.08/turn

%: no passive effects
@: no status effects
A: large, unfitting armour, claws 3, regeneration 1, shaggy fur 1, tough skin 1
a: Renounce Religion, Berserk


You were on level 5 of the Dungeon.
You worshipped Trog.
Trog was aware of your devotion.
You visited 1 branch of the dungeon, and saw 5 of its levels.

You collected 13 gold pieces.

Inventory:

Hand Weapons
 b - a +0 war axe
Armour
 a - a +0 animal skin (worn)
 c - a +2 scale mail of fire resistance


   Skills:
 + Level 2.9 Fighting
 + Level 3.0 Dodging
 + Level 3.7 Unarmed Combat


You had 2 spell levels left.
You didn't know any spells.
Your spell library contained the following spells:

 Spells                   Type           Power      Damage    Failure   Level
 Slow                     Hex            0%         N/A       52%         1
 Lesser Beckoning         Tloc           0%         N/A       67%         2
 Confusing Touch          Hex            0%         N/A       88%         3
 Frozen Ramparts          Ice            0%         1d1       88%         3
 Gell's Gravitas          Tloc           0%         N/A       88%         3
 Sigil of Binding         Hex            0%         N/A       88%         3
 Teleport Other           Tloc           0%         N/A       88%         3
 Vampiric Draining        Necr           0%         2d6       88%         3
 Leda's Liquefaction      Alch/Erth      0%         N/A       99%         4
 Petrify                  Alch/Erth      0%         N/A       99%         4
 Metabolic Englaciation   Hex/Ice        0%         N/A       100%        5


Dungeon Overview and Level Annotations

Branches:
Dungeon (5/15)
 Temple: D:4-7

Altars:


Innate Abilities, Weirdness & Mutations

You are too large for most types of armour.
You have claws for hands.
Your natural rate of healing is unusually fast.
You are covered in fur. (AC +1)
You have tough skin. (AC +1)


Message History

You miss the adder. The adder closely misses you.
You scratch the adder.
The adder is lightly wounded.
The adder bites you.
You scratch the adder.
The adder is heavily wounded.
The adder bites you but does no damage.
You claw the adder!
You kill the adder!
Trog accepts your kill.
You see here an adder corpse.
There is a stone staircase leading down here.
You climb downwards.
There is a stone staircase leading up here.
The steam dragon hisses angrily.
The phantom hits you.
You scratch the phantom but do no damage.
You scratch the howler monkey but do no damage.
The phantom closely misses you.
The steam dragon bites you but does no damage.
The steam dragon closely misses you. The howler monkey hits you.
You claw the howler monkey!
The howler monkey is severely wounded.
The steam dragon bites you! The steam dragon barely misses you.
The phantom hits you. The howler monkey barely misses you.
You claw the howler monkey!
You kill the howler monkey!
Trog accepts your kill. The phantom closely misses you.
The steam dragon bites you!
The steam dragon claws you but does no damage.
Your Dodging skill increases to level 3!
You have reached level 3!
Your experience leads to an increase in your attributes!
Increase (S)trength, (I)ntelligence, or (D)exterity?
You feel stronger. x3
You scratch the phantom but do no damage.
The phantom barely misses you. The steam dragon breathes steam at you.
The ball of steam hits you!
You die...

#######
##≈≈≈#.
##≈≈.≈≈#
#≈≈#.#≈##
+...<@W≈#
#≈≈#D#≈≈#
##≈≈.≈≈≈#
##≈≈≈###
#####


You could see a steam dragon (catching breath) and a phantom.

Vanquished Creatures
  A howler monkey (D:5)
  An adder (D:4)
  A giant cockroach (D:1)
  A hobgoblin (D:4)
  2 jackals (D:1)
  A quokka (D:1)
  2 kobolds
  2 rats (D:1)
11 creatures vanquished.

Notes
Turn   | Place    | Note
-------+----------+-------------------------------------------
     0 | D:1      | PsychoBan the Troll Berserker began the quest for the Orb.
     0 | D:1      | Reached XP level 1. HP: 22/22 MP: 0/0
   248 | D:4      | Reached XP level 2. HP: 29/29 MP: 1/1
   267 | D:5      | Entered Level 5 of the Dungeon
   267 | D:5      | Noticed a howler monkey
   267 | D:5      | Noticed a phantom
   267 | D:5      | Noticed a steam dragon
   272 | D:5      | Killed a howler monkey
   273 | D:5      | Reached XP level 3. HP: 11/36 MP: 2/2
   273 | D:5      | Killed from afar by a steam dragon

Illustrated notes

Levels and vault maps discovered:
D:1:      dpeg_arrival_simpleton_b, layout_rooms,
          hellmonk_ecumenical_altar_blasted, serial_shops,
          nicolae_lakefront_shop, nicolae_figureground_sparkle
D:2:      layout_loops_corners
D:3:      layout_loops_corners, mainiacjoe_overflow_concentric_impassable
D:4:      layout_loops_ring, minmay_temple_entry_junction_2
D:5:      layout_loops_ring, okawaru_metal_pillars_1_2, serial_undead,
          serial_undead_a, serial_undead_d, serial_undead_e, serial_undead_a,
          serial_undead_e, serial_undead_a, kennysheep_small_circle

Skill      XL: |  1  2 |
---------------+-------+-----
Dodging        | 3 |  3.0
Fighting       | |  2.9
Unarmed Combat | |  3.7

Action                     || total
---------------------------++-------
  Melee: Unarmed           ||    31
 Armour: Animal skin       ||    25
  Dodge: Dodged            ||    30
